 Dungeon Crawl Stone Soup version 0.21-a0-621-gc60411f (webtiles) character file.

121 Gaball the Slasher (level 5, -5/41 HPs)
             Began as a Barachi Fighter on Dec 23, 2017.
             Killed from afar by an orc wizard (11 damage)
             ... with a puff of flame
             ... on level 3 of the Dungeon.
             The game lasted 00:03:44 (2358 turns).

Gaball the Slasher (Barachi Fighter)                Turns: 2358, Time: 00:03:45

Health: -5/41      AC:  8    Str: 23    XL:     5   Next: 5%
Magic:  5/5        EV:  7    Int:  8    God:
Gold:   74         SH:  0    Dex: 12    Spells: 4/4 levels left

rFire    . . .     SeeInvis .   a - +0 long sword
rCold    . . .     Gourm    .   c - +0 shield
rNeg     . . .     Faith    .   b - +0 scale mail
rPois    .         Spirit   .   (no helmet)
rElec    .         Reflect  .   k - +0 cloak
rCorr    .         Harm     .   (no gloves)
MR       .....                  (no boots)
Stlth    ..........             (no amulet)
HPRegen  0.13/turn              (no ring)
MPRegen  0.09/turn              (no ring)

@: confused, mighty, slow
A: +LOS, swims, slowness 1, strong legs 1
a: Hop


You were on level 3 of the Dungeon.
You were not hungry.

You visited 1 branch of the dungeon, and saw 3 of its levels.

You collected 74 gold pieces.

Inventory:

Hand Weapons
 a - a +0 long sword (weapon)
Armour
 b - a +0 scale mail (worn)
 c - a +0 shield (worn)
 k - a +0 cloak (worn)
Jewellery
 m - a +3 amulet of reflection {unknown}
Scrolls
 g - a scroll of teleportation
 h - 2 scrolls of magic mapping
 i - 2 scrolls of remove curse
 j - a scroll of noise {unknown}
 l - a scroll of identify {unknown}
Potions
 e - 2 potions of flight
Comestibles
 f - a ration


   Skills:
 - Level 3.6 Fighting
 + Level 5.2 Long Blades
 - Level 3.6 Armour
 + Level 4.3 Shields


You had 4 spell levels left.
You didn't know any spells.

Dungeon Overview and Level Annotations

Branches:
Dungeon (3/15)

Altars:
The Shining One


Innate Abilities, Weirdness & Mutations

Shadows flee at your approach. (+LOS)
You can swim through water.
You cover ground slowly.
You can hop short distances.


Message History

You hear some strange, mumbled words.
A puff of flame appears from out of thin air!
The puff of flame hits you!
* * * LOW HITPOINT WARNING * * *
You are too injured to fight recklessly!
You closely miss something. Something hits you but does no damage.
You closely miss something.
You hear some strange, mumbled words.
You are confused.
You completely miss something.
Something hits you but does no damage. x2
You miss something. Something hits you but does no damage.
You closely miss something. Something hits you.
* * * LOW HITPOINT WARNING * * *
You barely miss something. Something hits you.
* * * LOW HITPOINT WARNING * * *
You feel very mighty all of a sudden.
You hear some strange, mumbled words.
A puff of flame appears from out of thin air!
The puff of flame hits you!
You die...

#..<........# *,* **
#..######.#.# *,* **, #..# #.#.#
*,***,* #..# ###.#.# *,**,*,
##..####.#.#.# *,*,*,,
*#.....!....#.# *,,*,,,
*.#.oo......#.########.*,*,,
******#...####.###..........**,*,
,,,,,oo...# #o{@...........,,,,*
,,,,,,o,,** ###############****,
********** **


You could see an orc.

Vanquished Creatures
  7 adders
  2 oozes
  A worm (D:2)
  2 dart slugs
  2 leopard geckos
  An orc (D:3)
  7 bats
  2 goblins
  7 hobgoblins
  A jackal (D:2)
  6 kobolds
  A quokka (D:2)
  2 frilled lizards
  3 rats
44 creatures vanquished.

Notes
Turn   | Place    | Note
-------+----------+-------------------------------------------
     0 | D:1      | Gaball the Barachi Fighter began the quest for the Orb.
     0 | D:1      | Reached XP level 1. HP: 18/18 MP: 1/1
   106 | D:1      | Reached skill level 3 in Long Blades
   138 | D:1      | Reached XP level 2. HP: 24/24 MP: 2/2
   461 | D:1      | Reached skill level 4 in Long Blades
   866 | D:2      | Reached XP level 3. HP: 29/29 MP: 3/3
  1273 | D:3      | HP: 1/29 [poisoned by an adder]
  1279 | D:3      | Reached XP level 4. HP: 1/36 MP: 4/4
  1680 | D:2      | Found a glowing golden altar of the Shining One.
  1929 | D:2      | Reached skill level 5 in Long Blades
  2315 | D:3      | Reached XP level 5. HP: 41/41 MP: 5/5
  2358 | D:3      | Killed from afar by an orc wizard

Vault maps used:
D:1:      evilmike_arrival_plus, bh_walls_and_bars
D:2:      marbit_many_paths
D:3:      first_ration, nicolae_ru_awakened_eye

Skill      XL: |  1  2  3  4 |
---------------+-------------+-----
Long Blades    | 3 4 5 |  5.2
Shields        | 4 |  4.3
Fighting       | |  3.6
Armour         | |  3.6

Action                   |  1- 3 |  4- 6 || total
-------------------------+-------+-------++-------
Melee: Long sword        |    88 |    71 ||   159
 Abil: Hop               |     1 |       ||     1
  Use: Scroll            |     4 |       ||     4
       Potion            |     3 |     1 ||     4
  Eat: Chunk             |     1 |     5 ||     6
Armor: Scale mail        |    52 |    32 ||    84
Dodge: Dodged            |    36 |    26 ||    62
Block: Shield            |    61 |    37 ||    98
       Rpst.: Long sword |    13 |    13 ||    26

Table legend:
 A = Spawn XP
 B = Non-spawn XP
 C = Spawn XP percentage of total XP
 D = Spawn monster count
 E = Non-spawn monster count
 F = Spawn count percentage of total count
 G = Total turns spent on level
                    A         B        C        D         E        F      G
               +---------+---------+-------+---------+---------+-------+---------
         Total |       0 |     174 |   0.0 |       0 |      44 |   0.0 |  2358
               +---------+---------+-------+---------+---------+-------+---------
           D:1 |       0 |      30 |   0.0 |       0 |      14 |   0.0 |   809
           D:2 |       0 |      84 |   0.0 |       0 |      23 |   0.0 |  1180
           D:3 |       0 |      60 |   0.0 |       0 |       7 |   0.0 |   369
               +---------+---------+-------+---------+---------+-------+---------
